 Dungeon Crawl Stone Soup version 0.30.0 (webtiles) character file.

Game seed: 5208493375517035383

394 zonermancer the Ruffian (level 6, -1/59 HPs)
             Began as a Troll Fighter on July 20, 2023.
             Slain by a two-headed ogre
             ... wielding a +0 giant club
              (17 damage)
             ... on level 4 of the Dungeon.
             The game lasted 00:12:31 (2558 turns).

zonermancer the Ruffian (Troll Fighter)             Turns: 2558, Time: 00:12:32

Health: -1/59      AC:  4    Str: 27    XL:     6   Next: 51%
Magic:  5/5        EV:  9    Int:  4    God:
Gold:   231        SH:  8    Dex:  9    Spells: 5/5 levels left

rFire   . .          .
                       - Unarmed
rCold   . . .        b - +0 kite shield
rNeg    . . .        a - +0 robe
rPois   .            (helmet restricted)
rElec   .            (no cloak)
rCorr   .            (gloves unavailable)
SInv    .            (boots unavailable)
Will    .....        q - amulet of faith
Stlth   +            (no ring)
HPRegen 1.09/turn    (no ring)
MPRegen 0.09/turn

%: faith
@: lethally poisoned (-1 -> -2)
A: large, unfitting armour, claws 3, regeneration 1, shaggy fur 1, tough skin 1
a: no special abilities


You were on level 4 of the Dungeon.
You visited 1 branch of the dungeon, and saw 4 of its levels.

You collected 231 gold pieces.

Inventory:

Armour
 a - a +0 robe (worn)
 b - a +0 kite shield (worn)
Jewellery
 q - an amulet of faith (around neck)
Scrolls
 d - a scroll of identify {unknown}
 e - a scroll of magic mapping {unknown}
 f - 2 scrolls of fog {unknown}
 j - a scroll of blinking {unknown}
 l - a scroll of noise {unknown}
 m - a scroll of immolation {unknown}
 n - a scroll of fear {unknown}
 o - a scroll of teleportation {unknown}
Potions
 c - 3 potions of might
 g - a potion of haste {unknown}
 h - a potion of brilliance {unknown}
 i - a potion of flight {unknown}
 k - a potion of mutation {unknown}
 p - a potion of curing {unknown}
 r - 2 potions of attraction {unknown}


   Skills:
 + Level 2.8 Fighting
 + Level 3.5 Dodging
 + Level 0.8 Stealth
 + Level 3.7 Shields
 + Level 4.9 Unarmed Combat


You had 5 spell levels left.
You didn't know any spells.
Your spell library contained the following spells:

 Spells                   Type           Power      Damage    Failure   Level
 Apportation              Tloc           0%         N/A       75%         1
 Necrotise                Necr           0%         1d4       75%         1
 Summon Small Mammal      Summ           0%         N/A       75%         1
 Ensorcelled Hibernation  Hex/Ice        0%         N/A       86%         2
 Arcjolt                  Conj/Air       0%         1d10      100%        5
 Ozocubu's Refrigeration  Ice            0%         4d7       100%        7


Dungeon Overview and Level Annotations

Branches:
Dungeon (4/15)
 Temple: D:4-7

Altars:
Gozag
Qazlal
Trog


Innate Abilities, Weirdness & Mutations

You are too large for most types of armour.
You have claws for hands.
Your natural rate of healing is unusually fast.
You are covered in fur. (AC +1)
You have tough skin. (AC +1)


Message History

You start putting on your amulet.
You continue putting on your amulet of faith.
The scorpion stings you.
Keep equipping yourself? [Y]es or [N]o only, please.
Keep equipping yourself?
You block the two-headed ogre's attack.
The two-headed ogre completely misses you.
You continue putting on your amulet of faith.
You block the scorpion's attack. The scorpion stings you.
You are poisoned.
The scorpion poisons you!
The two-headed ogre hits you with a +0 giant club!
The two-headed ogre barely misses you.
You continue putting on your amulet of faith.
You feel very sick.
The scorpion stings you but does no damage.
You continue putting on your amulet of faith.
You feel sick. You block the two-headed ogre's attack.
The two-headed ogre barely misses you. The scorpion stings you!
The worm bites you.
You continue putting on your amulet of faith.
You feel sick. The scorpion closely misses you.
The two-headed ogre completely misses you.
The two-headed ogre hits you with a +0 giant club!
You finish putting on your amulet of faith.
You feel a strange surge of divine interest.
q - an amulet of faith (around neck)
You claw the worm!
The worm is almost dead.
You feel sick. The scorpion barely misses you. The worm closely misses you.
You claw the worm!
You kill the worm!
You feel sick. The scorpion stings you. The two-headed ogre closely misses you.
The two-headed ogre hits you with a +0 giant club!
* * * LOW HITPOINT WARNING * * *
The scorpion barely misses you.
The two-headed ogre attacks as you move away!
The two-headed ogre hits you with a +0 giant club!
You die...

.....###.###....####..
.......#.....# .#.....
............# .......
........#...##.......
........#............
##................#
..........###.#......
.........####!# ##...
###........##@#..# .
............O.s..#
............##...#
....#.......# ...#
....#..<....# .....
..# #.).....# .....#
..#.........# .......
#...#.......#.......
#..........##.......


You could see a two-headed ogre and a scorpion.

Vanquished Creatures
  An ice beast (D:3)
  An ogre (D:3)
  A bullfrog (D:3)
  A scorpion (D:3)
  3 adders
  3 worms
  2 dart slugs
  3 ball pythons
  10 bats
  3 endoplasms
  3 giant cockroaches
  8 goblins
  4 hobgoblins
  4 jackals (D:2)
  2 quokkas
  2 frilled lizards (D:3)
  5 kobolds
  4 rats
60 creatures vanquished.

Notes
Turn   | Place    | Note
-------+----------+-------------------------------------------
     0 | D:1      | zonermancer the Troll Fighter began the quest for the Orb.
     0 | D:1      | Reached XP level 1. HP: 22/22 MP: 0/0
   116 | D:1      | Reached XP level 2. HP: 29/29 MP: 1/1
  1095 | D:2      | Reached XP level 3. HP: 36/36 MP: 2/2
  1621 | D:3      | Noticed a bullfrog
  1626 | D:3      | Killed a bullfrog
  1627 | D:3      | Reached skill level 3 in Unarmed Combat
  1627 | D:3      | Reached XP level 4. HP: 43/44 MP: 3/3
  1648 | D:3      | Noticed an ice beast
  1677 | D:3      | Killed an ice beast
  1678 | D:3      | Reached skill level 4 in Unarmed Combat
  1678 | D:3      | Reached XP level 5. HP: 33/50 MP: 4/4
  1721 | D:3      | Found a faded altar of an unknown god.
  1944 | D:3      | Found a stormy altar of Qazlal.
  1953 | D:3      | Found a bloodstained altar of Trog.
  2000 | D:3      | Found an opulent altar of Gozag.
  2130 | D:3      | Noticed an ogre
  2139 | D:3      | Reached XP level 6. HP: 57/59 MP: 5/5
  2189 | D:3      | Got Numevouh's Octavo of the Tempest and Rime
  2546 | D:4      | Noticed a two-headed ogre
  2558 | D:4      | Slain by a two-headed ogre

Illustrated notes

Levels and vault maps discovered:
D:1:      dpeg_arrival_boxes_within_box, layout_basic
D:2:      layout_basic
D:3:      layout_basic, mainiacjoe_overflow_swirl, grunt_gozag_statues,
          hellmonk_ecumenical_altar_zigzags, minmay_divided_ellipse
D:4:      layout_cave_pools, nicolae_yredelemnul_ghost_church

Skill      XL: |  1  2  3  4 |
---------------+-------------+-----
Shields        | 3 |  3.7
Dodging        | 3 |  3.5
Unarmed Combat | 3 4 |  4.9
Fighting       | |  2.8
Stealth        | |  0.8

Action                     |  1- 3 |  4- 6 || total
---------------------------+-------+-------++-------
  Melee: Unarmed           |    90 |    66 ||   156
   Stab: Sleeping          |     1 |       ||     1
 Armour: Robe              |    26 |    16 ||    42
  Dodge: Dodged            |    42 |    31 ||    73
  Block: Kite shield       |    21 |    41 ||    62
